Map: Triton LE

Players

lIlIlIlIlIlI - Winner!

  • Race: Terran Terran
  • League: Grandmaster
  • Spawn Location: 5:00

Indy

  • Race: Protoss Protoss
  • League: Grandmaster
  • Spawn Location: 11:00

VOD

Have the link to the VOD?

Description

Time

  • Played on: Sept. 19, 2019, 3:01 p.m.
  • Length: 11:59
Show
View Real Time Build Order
Export as new Build Order

lIlIlIlIlIlI Terran - Winner!

Build Orders: Reaper Expand 

Get SALT Encoding   

  12  0:01  SCV  
  13  0:13  SCV  
  14  0:17  Supply Depot  
  14  0:25  SCV  
  15  0:39  SCV  
  15  0:41  Barracks  
  16  0:43  Refinery  
  16  0:51  SCV  
  17  1:03  SCV  
  18  1:15  SCV  
  19  1:28  Orbital Command, Reaper  
  20  1:40  Command Center  
  20  1:54  SCV  
  20  1:56  Bunker  
  20  1:59  Supply Depot  
  21  2:02  Marine  
  21  2:06  SCV  
  23  2:16  Factory  
  23  2:21  Refinery, SCV  
  24  2:24  Barracks Reactor  
  24  2:33  SCV  
  25  2:45  SCV  
  26  2:53  Orbital Command  
  26  2:57  SCV  
  27  3:01  Starport, Marine x2  
  27  3:03  Widow Mine  
  31  3:09  SCV  
  32  3:19  SCV, Marine x2  
  35  3:21  SCV  
  36  3:28  Factory Tech Lab  
  36  3:29  Barracks  
  36  3:32  SCV  
  36  3:33  SCV  
  38  3:36  Marine  
  38  3:37  Marine  
  38  3:40  Starport Tech Lab  
  40  3:41  Supply Depot  
  40  3:44  SCV  
  40  3:46  SCV  
  40  3:47  Cyclone  
  45  3:56  SCV  
  45  3:58  Barracks  
  45  4:02  Raven, Marine x2  
  45  4:03  SCV  
  45  4:08  SCV  
  51  4:10  Supply Depot  
  51  4:15  SCV  
  52  4:20  Marine x2  
  54  4:24  Stimpack  
  54  4:27  Supply Depot  
  54  4:31  SCV x2, Marine  
  54  4:38  Marine x2  
  55  4:44  SCV x2  
  58  4:46  Engineering Bay  
  58  4:47  Factory Reactor  
  58  4:49  Marine  
  58  4:52  Refinery, Starport Reactor  
  59  4:53  Marine  
  59  4:56  Marine x2, SCV x2  
  59  4:57  Combat Shield  
  64  5:04  Supply Depot  
  64  5:07  Marine  
  64  5:08  SCV x2  
  64  5:11  Marine  
  64  5:13  Supply Depot, Marine  
  64  5:14  Marine  
  70  5:23  Supply Depot  
  70  5:25  Marine  
  70  5:26  Missile Turret, SCV x2  
  73  5:29  Marine  
  73  5:30  Missile Turret  
  73  5:31  Marine  
  73  5:32  Medivac  
  73  5:35  Medivac  
  79  5:38  SCV x2  
  79  5:39  Marine  
  79  5:42  Terran Infantry Weapons Level 1  
  82  5:43  Marine  
  82  5:47  Marine  
  84  5:51  Marine  
  84  5:52  Widow Mine x2  
  84  5:56  Marine  
  90  6:01  Marine  
  91  6:08  Marine x2  
  93  6:11  Command Center  
  93  6:14  Supply Depot, Marine  
  93  6:15  Refinery  
  94  6:19  Marine  
  95  6:25  Marine  
  95  6:28  Marine  
  95  6:30  SCV x2  
  95  6:32  Marine  
  100  6:34  Barracks  
  100  6:35  Barracks  
  100  6:37  Marine  
  98  6:42  SCV x2  
  98  6:46  Marauder  
  102  6:49  Marine  
  102  6:50  Medivac, Marine  
  102  6:51  Widow Mine x2, Medivac  
  107  6:55  Marauder  
  107  6:56  SCV x2  
  107  7:06  Marine  
  107  7:07  Marauder  
  107  7:08  SCV, Marine  
  109  7:11  SCV  
  108  7:16  Marauder  
  108  7:18  Armory  
  108  7:19  Engineering Bay  
  108  7:21  SCV  
  111  7:23  Orbital Command, SCV  
  111  7:27  Barracks Tech Lab, Barracks Reactor  
  112  7:30  Marine x2  
  112  7:33  SCV  
  112  7:35  SCV  
  112  7:36  Medivac x2  
  120  7:38  Widow Mine x2  
  120  7:40  Marauder  
  120  7:42  Marauder  
  128  7:47  SCV x2, Missile Turret  
  128  7:49  Marine  
  128  7:50  Marine  
  132  7:53  SCV  
  132  7:58  Supply Depot  
  133  7:59  Supply Depot  
  133  8:01  SCV x2  
  133  8:05  SCV  
  130  8:12  Marauder x2  
  122  8:13  Starport  
  122  8:15  Marine x2  
  122  8:16  Marine x2  
  122  8:17  Marauder  
  122  8:19  Medivac x2  
  121  8:23  Refinery  
  121  8:24  Refinery  
  121  8:32  Marine  
  121  8:33  Marauder x2  
  126  8:37  Marine x3  
  126  8:39  Marauder  
  91  8:50  Marine  
  91  8:55  Marauder x2, Marine x3  
  84  8:58  Viking  
  84  8:59  Viking  
  84  9:00  Marauder, Viking  
  85  9:06  Viking  
  85  9:16  Marauder, Orbital Command  
  85  9:17  Marauder  
  85  9:28  Viking  
  85  9:29  Viking  
  85  9:30  Marine x3  
  85  9:31  Marine  
  90  9:32  Viking  
  90  9:36  Viking  
  92  9:39  Marauder  
  92  9:42  Marauder  
  89  9:46  Orbital Command  
  89  9:49  Marine x4  
  81  9:56  Concussive Shells  
  81  9:57  SCV x2  
  73  10:01  Marauder  
  73  10:04  Marauder  
  71  10:07  Marine x4  
  71  10:11  SCV x2  
  71  10:14  SCV  
  73  10:22  Marauder  
  73  10:23  SCV x2  
  73  10:25  Marauder, Marine x4  
  73  10:26  SCV  
  81  10:33  Medivac x2  
  81  10:34  Viking x2  
  87  10:42  Marine  
  87  10:43  Marauder, Marine  
  87  10:46  Marine x2  
  95  10:59  Barracks  
  95  11:03  Viking x2  
  99  11:04  Viking  
  99  11:05  Marauder, Marine x4  
  105  11:11  Viking  
  105  11:16  Marauder  
  109  11:23  Marine x3  
  112  11:26  Marauder, Marine  
  112  11:29  SCV x2  
  112  11:30  SCV  
  118  11:37  Marauder  
  122  11:40  Marine  
Show
View Real Time Build Order
Export as new Build Order

Indy Protoss 

Build Orders: 1 Gate Expand, Phoenix Opening, Colossus Rush 

Get SALT Encoding   

  12  0:01  Probe  
  13  0:13  Probe  
  14  0:20  Pylon  
  14  0:25  Probe  
  15  0:38  Probe (Chrono Boost)  
  15  0:41  Gateway  
  16  0:48  Probe (Chrono Boost)  
  16  0:49  Assimilator  
  17  0:53  Probe (Chrono Boost)  
  18  1:05  Probe  
  19  1:17  Probe  
  20  1:25  Nexus  
  20  1:36  Cybernetics Core  
  20  1:38  Probe  
  21  1:43  Assimilator  
  21  1:50  Probe  
  22  1:54  Pylon  
  22  2:02  Probe  
  23  2:10  Adept (Chrono Boost)  
  23  2:14  Probe  
  26  2:19  Stargate  
  26  2:26  Warp Gate  
  26  2:27  Probe (Chrono Boost)  
  27  2:34  Adept  
  30  2:37  Probe (Chrono Boost)  
  30  2:39  Probe (Chrono Boost)  
  31  2:46  Probe (Chrono Boost)  
  31  2:47  Probe (Chrono Boost)  
  33  2:51  Probe (Chrono Boost)  
  33  2:53  Probe  
  35  3:03  Probe  
  35  3:04  Phoenix (Chrono Boost), Adept  
  35  3:05  Probe  
  41  3:15  Pylon, Probe  
  41  3:17  Probe  
  43  3:23  Phoenix (Chrono Boost)  
  45  3:27  Probe  
  45  3:33  Probe  
  47  3:39  Probe  
  48  3:42  Gateway  
  48  3:44  Phoenix  
  48  3:45  Probe  
  51  3:52  Robotics Facility  
  51  3:54  Gateway  
  51  3:55  Probe  
  52  3:56  Assimilator  
  52  3:58  Probe  
  53  4:07  Probe  
  54  4:14  Pylon, Assimilator  
  54  4:16  Pylon  
  54  4:27  Pylon  
  54  4:32  Probe x2, Phoenix  
  58  4:41  Observer  
  58  4:44  Probe x2  
  61  4:46  Robotics Bay  
  61  4:47  Forge  
  61  4:50  Zealot, Sentry  
  61  4:51  Zealot  
  67  4:59  Phoenix  
  69  5:06  Probe x2  
  71  5:08  Nexus  
  71  5:10  Pylon  
  71  5:18  Probe x2  
  71  5:19  Immortal (Chrono Boost)  
  73  5:27  Pylon  
  77  5:30  Probe x2  
  77  5:34  Sentry  
  81  5:40  Extended Thermal Lance  
  81  5:42  Probe x2  
  83  5:46  Colossus (Chrono Boost)  
  83  5:52  Zealot x2  
  93  5:57  Pylon  
  93  5:58  Pylon  
  93  6:10  Protoss Ground Weapons Level 1  
  93  6:16  Stalker x3  
  99  6:19  Pylon, Probe x2  
  99  6:20  Probe  
  102  6:28  Colossus (Chrono Boost)  
  102  6:31  Probe  
  111  6:37  Probe x2  
  109  6:41  Stalker x2  
  109  6:45  Probe  
  101  6:49  Probe  
  100  7:12  Pylon  
  100  7:13  Pylon x2  
  100  7:15  Pylon x2  
  94  7:21  Gateway  
  94  7:24  Gateway  
  94  7:28  Gateway  
  94  7:31  Warp Prism (Chrono Boost)  
  94  7:33  Gateway x2  
  94  7:36  Sentry x3  
  100  7:46  Gravitic Drive  
  100  7:59  Stalker  
  100  8:00  Stalker x2  
  106  8:09  Warp Prism (Chrono Boost)  
  100  8:18  Stalker  
  100  8:19  Stalker  
  102  8:22  Stalker  
  102  8:23  Stalker x2  
  88  8:49  Stalker  
  88  8:50  Stalker x7  
  90  8:56  Colossus (Chrono Boost)  
  90  9:26  Stalker x5  
  90  9:27  Adept  
  72  10:03  Stalker x8  
  84  10:15  Warp Prism (Chrono Boost)  
  78  10:30  Adept x2  
  78  10:31  Adept  
  84  11:01  Adept x7  
  84  11:02  Adept  
  100  11:27  Stalker x4  
  100  11:30  Sentry x2  
  100  11:31  Sentry  
  100  11:32  Sentry  
Tags
 
Add a new tag
Caveats
  • Supply blocks, unpowered buildings, or Contaminate may cause inaccurate times.
  • Supply counts are checked every 10 seconds.